 Dungeon Crawl Stone Soup version 0.30-a0-779-g7971cf19c3 (webtiles) character file.

Game seed: 1210628968342954616

602 Octodad the Insei (level 7, 0/69 HPs)
             Began as an Octopode Transmuter on Feb 18, 2023.
             Was an Initiate of Cheibriados.
             Slain by Edmund
             ... wielding a +2 dire flail of distortion
              (4 damage)
             ... on level 5 of the Dungeon.
             The game lasted 00:14:23 (3438 turns).

Octodad the Insei (Octopode Transmuter)             Turns: 3438, Time: 00:14:24

Health: 0/69       AC: 23    Str: 11    XL:     7   Next: 41%
Magic:  0/10       EV:  2    Int: 18    God:    Cheibriados [......]
Gold:   270        SH:  0    Dex: 13    Spells: 3/10 levels left

rFire   . . .      SeeInvis .      - Unarmed
rCold   . . .      Faith    .    (no shield)
rNeg    . . .      Spirit   +    (helmet currently unavailable)
rPois   +          Reflect  .    o - amulet of guardian spirit
rElec   .          Harm     .    (no ring)
rCorr   .          Rampage  .    (no ring)
Will    .....      NoTele   +    (no ring)
Stlth   ++                       (no ring)
HPRegen 0.31/turn                (no ring)
MPRegen 0.12/turn                (no ring)
                                 (no ring)
                                 (no ring)

@: brilliant, tree-form, wereblooded, very slow
A: stationary, stasis, torment immunity, boosted hp, almost no armour,
(amphibious), 8 rings, (camouflage 1), (gelatinous body 1), (nimble swimmer 1),
(tentacles)
a: Renounce Religion


You were on level 5 of the Dungeon.
You worshipped Cheibriados.
Cheibriados was noncommittal.
You were a tree.
You visited 1 branch of the dungeon, and saw 5 of its levels.

You collected 270 gold pieces.

Inventory:

Hand Weapons
 b - a +1 dagger of electrocution
 j - a +1 heavy war axe
Missiles
 p - a throwing net
Jewellery
 o - an amulet of guardian spirit (around neck)
Scrolls
 a - 5 scrolls of magic mapping {unknown}
 c - 2 scrolls of brand weapon {unknown}
 e - 2 scrolls of amnesia {unknown}
 f - 3 scrolls of fog {unknown}
 g - a scroll of immolation {unknown}
 i - a scroll of noise {unknown}
 l - 5 scrolls of teleportation {unknown}
 m - 3 scrolls of identify {unknown}
 n - 2 scrolls of silence {unknown}
 q - 3 scrolls of blinking {unknown}
 r - a scroll of summoning {unknown}
 s - a scroll of enchant armour {unknown}
 t - a scroll of torment {unknown}
 w - a scroll of poison {unknown}
Potions
 d - a potion of attraction {unknown}
 h - a potion of magic {unknown}
 k - a potion of heal wounds {unknown}
 u - a potion of might {unknown}
 v - a potion of curing {unknown}
 x - a potion of lignification
 z - a potion of brilliance
 A - a potion of invisibility {unknown}


   Skills:
 - Level 3.0 Fighting
 - Level 2.0 Dodging
 - Level 1.0 Stealth
 * Level 5.2 Unarmed Combat
 - Level 2.0 Spellcasting
 + Level 4.9 Transmutations
 - Level 3.0 Ice Magic


You had 3 spell levels left.
You knew the following spells:

 Your Spells              Type           Power      Damage    Failure   Level
a - Beastly Appendage     Tmut           58%        N/A       2%          1
b - Wereblood             Tmut           29%        N/A       3%          2
c - Ice Form              Ice/Tmut       24%        N/A       34%         4

Your spell library contained the following spells:

 Spells                   Type           Power      Damage    Failure   Level
 Passwall                 Tmut/Erth      13%        N/A       10%         2
 Ensorcelled Hibernation  Hex/Ice        20%        N/A       14%         2
 Spider Form              Tmut/Pois      16%        N/A       21%         3
 Swiftness                Air            2%         N/A       47%         3


Dungeon Overview and Level Annotations

Branches:
Dungeon (5/15)
 Temple: D:4-7

Altars:
Ashenzari
Cheibriados
Ru
Sif Muna
Trog
Xom

Shops:
D:1 [

Annotations:
D:5 Edmund


Innate Abilities, Weirdness & Mutations

You are a tree.
Your roots penetrate the ground, keeping you stationary.
You cannot be teleported.
You are immune to unholy pain and torment.
Your maximum health is greatly increased.
You cannot wear most types of armour.
((You are amphibious.))
You can wear up to eight rings at the same time.
((Your skin changes colour to match your surroundings (Stealth+).))
((Your rubbery body absorbs attacks. (AC +1, EV +1)))
((You are camouflaged when in or above water. (Stealth+)))
((You have tentacles for arms and can constrict up to eight enemies at once.))


Message History

Edmund says, "People accused me of being a cutpurse!"
An ufetubus comes into view.
You bludgeon Edmund! Your grab misses Edmund.
Edmund is lightly wounded.
Edmund hits you with a +2 dire flail of distortion!
Space warps horribly around you!
You tentacle-slap Edmund but do no damage.
Your grab misses Edmund.
Edmund is lightly wounded.
Edmund hits you with a +2 dire flail of distortion.
Space warps around you.
You are too injured to fight recklessly!
You tentacle-slap Edmund but do no damage.
You grab Edmund. You squeeze Edmund, but do no damage.
Edmund is lightly wounded.
You constrict Edmund, but do no damage.
Edmund hits you with a +2 dire flail of distortion!
* * * LOW HITPOINT WARNING * * *
You turn into a tree.
Your roots penetrate the ground.
You lose your grip on Edmund.
Edmund hits you but does no damage. Space warps around you.
* * * LOW HITPOINT WARNING * * *
You smack Edmund!
Edmund is moderately wounded.
You smack Edmund!
Edmund is severely wounded.
Edmund hits you but does no damage. Space warps around you.
* * * LOW HITPOINT WARNING * * *
You barely miss Edmund.
Edmund is severely wounded.
Edmund hits you but does no damage. Space warps around you.
* * * LOW HITPOINT WARNING * * *
You smack Edmund!
Edmund is almost dead.
Edmund hits you but does no damage. Space warps around you.
* * * LOW HITPOINT WARNING * * *
It was a potion of brilliance.
You feel clever all of a sudden.
Edmund hits you with a +2 dire flail of distortion.
You die...

......#..................
##...##.............?...#
.#...###.....##...#......#
.[..####...†.#.$..#........
#..#.##......##............
#.........#.....[..........
....##....##.....5.........
....##....#...###@.........
. ..###.........♣..........
. .# #...#................
###..#................
##.....#............>..
#.........#..........##
..#.......###............
............#.............
#.#.......#................
#)......##.............##


You could see Edmund and an ufetubus.

Vanquished Creatures
  A black bear (D:5)
  A scorpion (D:5)
  A jelly (D:4)
  3 hounds
  2 orc priests
  An iguana (D:5)
  An orc wizard (D:4)
  Robin (D:2)
  6 gnolls (D:3)
  6 adders
  2 worms
  A dart slug (D:3)
  15 orcs
  4 bats
  6 endoplasms
  5 giant cockroaches
  7 goblins
  9 hobgoblins
  4 jackals (D:1)
  3 ball pythons
  3 frilled lizards
  4 kobolds
  6 rats
92 creatures vanquished.

Vanquished Creatures (others)
  6 plants (D:3)
6 creatures vanquished.

Grand Total: 98 creatures vanquished

Notes
Turn   | Place    | Note
-------+----------+-------------------------------------------
     0 | D:1      | Octodad the Octopode Transmuter began the quest for the
                  | Orb.
     0 | D:1      | Reached XP level 1. HP: 13/13 MP: 3/3
    14 | D:1      | Found Asmuq's Antique Armour Shop.
    82 | D:1      | Reached skill level 1 in Stealth
   172 | D:1      | Reached XP level 2. HP: 18/18 MP: 5/5
   185 | D:1      | Learned a level 2 spell: Wereblood
   856 | D:2      | Reached XP level 3. HP: 10/24 MP: 4/6
   942 | D:2      | Noticed Robin
   948 | D:2      | Killed Robin
  1234 | D:2      | Reached XP level 4. HP: 21/30 MP: 5/7
  1431 | D:3      | Reached skill level 1 in Ice Magic
  1550 | D:3      | Reached XP level 5. HP: 28/36 MP: 3/8
  2387 | D:4      | Reached XP level 6. HP: 42/42 MP: 6/9
  2462 | D:4      | Learned a level 4 spell: Ice Form
  2574 | D:4      | Found a shimmering blue altar of Sif Muna.
  2574 | D:4      | Found a broken altar of Ashenzari.
  2578 | D:4      | Found a shimmering altar of Xom.
  2578 | D:4      | Found a bloodstained altar of Trog.
  2916 | D:4      | Found a sacrificial altar of Ru.
  3173 | D:5      | Entered Level 5 of the Dungeon
  3175 | D:5      | Found a snail-covered altar of Cheibriados.
  3184 | D:5      | Reached skill level 4 in Unarmed Combat
  3189 | D:5      | Reached XP level 7. HP: 40/46 MP: 6/10
  3193 | D:5      | Became a worshipper of Cheibriados the Contemplative
  3365 | D:5      | Reached skill level 5 in Unarmed Combat
  3425 | D:5      | Noticed Edmund
  3437 | D:5      | HP: 3/69 [Edmund/+2 dire flail of distortion (2)]
  3438 | D:5      | Slain by Edmund

Illustrated notes

Levels and vault maps discovered:
D:1:      psy_arrival_whirlpool, layout_loops_ring, serial_shops, shop
D:2:      layout_basic, nrook_mini_vaults, uniq_robin
D:3:      layout_basic, serial_bayou, serial_bayou_lagoon_b,
          serial_bayou_pond_d, serial_bayou_pond_c, serial_bayou_pond_e,
          serial_bayou_pond_b
D:4:      layout_basic, mainiacjoe_overflow_brackets, grunt_temple_overflow_open
D:5:      layout_cave_pools, cheibriados_altar_1, sigmund_army, uniq_edmund

Skill      XL: |  1  2  3  4  5  6  7 |
---------------+----------------------+-----
Stealth        | 1 |  1.0
Transmutations | 3 4 |  4.9
Fighting       | 2 3 |  3.0
Ice Magic      | 2 3 |  3.0
Unarmed Combat | 4 5 |  5.2
Dodging        | |  2.0
Spellcasting   | |  2.0

Action                     |  1- 3 |  4- 6 |  7- 9 || total
---------------------------+-------+-------+-------++-------
  Melee: Unarmed           |    12 |    48 |    29 ||    89
         Dagger            |    14 |    78 |       ||    92
         Constrict         |    13 |    36 |     6 ||    55
         Tentacles         |     9 |    31 |     9 ||    49
         Kick              |     1 |       |       ||     1
         War axe           |    26 |     1 |       ||    27
         Punch             |       |     3 |     1 ||     4
   Cast: Beastly Appendage |     2 |       |       ||     2
         Wereblood         |     7 |    20 |     5 ||    32
    Use: Potion            |       |     1 |     2 ||     3
   Stab: Sleeping          |     2 |     5 |     2 ||     9
 Armour: Skin              |     9 |    13 |     6 ||    28
  Dodge: Dodged            |    55 |    79 |    18 ||   152

Table legend: (Time is in decaauts)
 A = Elapsed time spent in this place.
 B = Non-inter-level travel time spent in this place.
 C = Inter-level travel time spent in this place.
 D = Time resting spent in this place.
 E = Time spent auto-exploring this place.
 F = Levels seen in this place.
 G = Mean time per level.
                   A        B        C        D        E       F      G
               +--------+--------+--------+--------+--------+-----+--------+
         Total |   3479 |   3325 |    154 |      3 |   2729 |   5 |  695.8 |
       Dungeon |   3479 |   3325 |    154 |      3 |   2729 |   5 |  695.8 |
               +--------+--------+--------+--------+--------+-----+--------+

Top non-repeatable levels by time:
     D:3: 918 daAuts
     D:4: 857 daAuts
     D:2: 754 daAuts
     D:1: 667 daAuts
     D:5: 281 daAuts
